Flames vs Red Wings

Created - 24 novembre 2015 at 19:00

Goals
1 2 3 T
Flames 0 0 1 1
Red Wings 2 1 0 3
Shots
1 2 3 T
Flames 6 13 16 35
Red Wings 12 21 7 40

1st period

1. Red Wings , Alex Picard 5 (Shawn Horcoff, Christian Backman) at 10:02
2. Red Wings , Mike Richards 6 (Ales Hemsky, Sean Bergenheim) at 11:44

Penalties :
Alexander Semin (Cal) for Delaying the game (Minor) at 11:51, Steve Regier (Cal) for Hooking (Minor) at 14:28, Paul Martin (Det) for Holding (Minor) at 14:50, Filip Kuba (Cal) for Diving (Minor) at 18:08

2nd period

3. Red Wings , Rick Nash 9 (Shea Weber, Jason Spezza) at 17:23

Penalties :
Derek Meech (Cal) for Hooking (Minor) at 10:51

3rd period

4. Flames , Jordin Tootoo 5 (Patrik Berglund, Derek Meech) at 5:44 (PP)

Penalties :
Filip Kuba (Cal) for Delaying the game (Minor) at 2:16, Shea Weber (Det) for Hooking (Minor) at 4:29, Ossi Vaananen (Det) for Hooking (Minor) at 15:58

Goalie Stats

Pekka Rinne (Cal), 37 saves from 40 shots - (0,925), L, 12-5-2, 60:00 minutes
Jonathan Quick (Det), 34 saves from 35 shots - (0,971), W, 8-5-2, 60:00 minutes

Players Stats for Flames

Player Name              G  A  P  +/- PIM S  H  SB GA TA FO     MP     PP MP  PK MP  
------------------------------------------------------------------------------------
Alexander Semin          0  0  0   0  2   5  2  0  2  0  0/0    19:36   1:44   0:49 
Andrej Sekera            0  0  0  -2  0   1  0  0  0  0  0/0    21:37   0:19   0:47 
Brad Marchand            0  0  0  -2  0   1  0  0  0  0  0/0     7:35   0:00   0:24 
Colin Wilson             0  0  0  -2  0   1  0  0  0  0  1/2     6:22   0:00   0:00 
Craig Adams              0  0  0  -2  0   0  1  0  0  0  0/0     9:57   0:00   2:30 
David Backes             0  0  0   0  0   3  3  1  1  1  1/2    20:03   2:06   1:29 
Derek Meech              0  1  1   0  2   0  0  0  0  1  0/0    16:03   1:36   3:32 
Eric Staal               0  0  0   0  0   5  3  1  0  1  16/32  23:10   1:44   4:33 
Erik Johnson             0  0  0  -1  0   2  1  2  0  1  0/0    24:01   2:00   4:59 
Filip Kuba               0  0  0  -2  4   1  0  0  0  1  0/0    21:20   1:19   0:00 
Joe Corvo                0  0  0  -1  0   1  1  0  0  0  0/0    21:13   0:22   3:19 
Jordin Tootoo            1  0  1   0  0   6  1  0  2  0  1/3    19:20   1:30   4:21 
Marcel Goc               0  0  0   0  0   4  2  0  0  1  10/21  17:25   0:22   2:30 
Mark Bell                0  0  0   0  0   1  1  1  0  0  0/1    14:49   1:30   0:00 
Milan Hejduk             0  0  0  -1  0   0  1  2  0  0  0/0     9:30   0:00   0:00 
Patrik Berglund          0  1  1  -1  0   3  0  1  0  1  3/5    11:00   1:30   0:00 
Ron Hainsey              0  0  0   0  0   0  0  1  0  0  0/0    16:10   1:36   3:59 
Steve Regier             0  0  0  -1  2   1  1  0  1  0  0/1    10:49   0:22   0:00 

Players Stats for Red Wings

Player Name              G  A  P  +/- PIM S  H  SB GA TA FO     MP     PP MP  PK MP  
------------------------------------------------------------------------------------
Ales Hemsky              0  1  1   1  0   2  1  0  1  0  0/0    18:04   3:30   0:00 
Alex Picard              1  0  1   1  0   2  0  0  0  0  0/0    10:30   0:00   0:59 
Carson Mcmillan          0  0  0   0  0   0  0  0  0  0  0/0     6:11   0:00   0:00 
Christian Backman        0  1  1   1  0   0  1  0  1  3  0/0    20:26   3:50   1:24 
Jason Spezza             0  1  1   1  0   8  0  1  0  1  23/39  24:08   4:48   2:06 
Jonathan Sigalet         0  0  0   0  0   0  2  0  0  0  0/0    13:01   0:00   0:22 
Martin Havlat            0  0  0   1  0   5  4  0  1  0  1/1    22:03   4:48   0:25 
Mike Brown               0  0  0   1  0   0  1  0  1  0  0/0     8:58   0:00   0:00 
Mike Richards            1  0  1   1  0   6  3  1  0  0  8/16   19:35   3:30   1:07 
Nate Thompson            0  0  0   0  0   1  0  0  0  0  1/3     7:11   0:00   0:23 
Ossi Vaananen            0  0  0   0  2   0  1  0  0  0  0/0    12:14   0:00   0:00 
Paul Martin              0  0  0   2  2   1  0  0  0  1  0/0    27:01   4:59   2:03 
Richard Jackman          0  0  0   1  0   3  1  1  0  0  0/0    20:30   3:18   1:52 
Rick Nash                1  0  1   1  0   4  5  1  2  0  0/1    24:11   4:48   2:06 
Robert Dome              0  0  0   0  0   1  1  0  1  0  0/0     6:31   0:00   0:06 
Sean Bergenheim          0  1  1   1  0   1  0  0  0  0  0/0    18:18   3:30   0:00 
Shawn Horcoff            0  1  1   1  0   2  0  0  0  1  2/7     8:52   0:00   0:00 
Shea Weber               0  1  1   2  2   4  3  1  0  0  0/0    27:00   4:28   1:31 

3 Stars

1 - Jonathan Quick (Det)
2 - Rick Nash (Det)
3 - Mike Richards (Det)

Power Play

Flames - 1 on 3 Attempt(s) - 33,33%
Red Wings - 0 on 5 Attempt(s) - 0,00%

Penalty Kill

Flames - 5 on 5 Attempt(s) - 100,00% - Score 0 goal in Penalty Kill
Red Wings - 2 on 3 Attempt(s) - 66,67% - Score 0 goal in Penalty Kill

Team Stat

Flames - Hits : 17 - Faceoff Wins : 32 - Blocked Shots : 9 - Penalty Minutes : 10
Red Wings - Hits : 23 - Faceoff Wins : 35 - Blocked Shots : 5 - Penalty Minutes : 6

Official

Referees : Fraser Kerry and McCreary Bill
Linesman : Mike Cvik and Lonnie Cameron

Game Notes

No Game Note

Finance

Level 1 -- Attendance: 5472 (91,20%) -- Ticket Income 410 400 $
Level 2 -- Attendance: 4897 (97,94%) -- Ticket Income 220 365 $
Level 3 -- Attendance: 1862 (93,10%) -- Ticket Income 46 550 $
Level 4 -- Attendance: 4000 (100,00%) -- Ticket Income 72 000 $
Luxury Box -- Attendance: 1000 (100,00%) -- Ticket Income 150 000 $
Game was played at the Joe Louis Arena'
Total Attendance: 17231 (95,73%)
Total Ticket Income: 899 315 $
Other Income: 134 897 $
Total Income: 1 034 212 $

Flames

5 vs 5 Forward 
   Center                   Left Wing                Right Wing               Time % Phy DF OF 
 1 Eric Staal               Alexander Semin          David Backes             38     1   2  2  
 2 Marcel Goc               Mark Bell                Jordin Tootoo            31     1   2  2  
 3 Patrik Berglund          Steve Regier             Milan Hejduk             21     1   2  2  
 4 Colin Wilson             Brad Marchand            Craig Adams              10     1   2  2  

5 vs 5 Defense 
   Defense                  Defense                                           Time % Phy DF OF 
 1 Filip Kuba               Andrej Sekera                                     40     1   2  2  
 2 Joe Corvo                Erik Johnson                                      30     1   2  2  
 3 Derek Meech              Ron Hainsey                                       20     1   2  2  
 4 Joe Corvo                Erik Johnson                                      10     1   2  2  

PowerPlay Forward 
   Center                   Left Wing                Right Wing               Time % Phy DF OF 
 1 Eric Staal               Alexander Semin          David Backes             60     1   2  2  
 2 Patrik Berglund          Mark Bell                Jordin Tootoo            40     1   2  2  

PowerPlay Defense
   Defense                  Defense                                           Time % Phy DF OF 
 1 Filip Kuba               Erik Johnson                                      60     1   2  2  
 2 Derek Meech              Ron Hainsey                                       40     1   2  2  

Penalty Kill 4 Players Forward 
   Center                   Wing                     Time % Phy DF OF 
 1 Eric Staal               Jordin Tootoo            60     1   3  1  
 2 Marcel Goc               Craig Adams              40     1   3  1  

Penalty Kill 4 Players Defense
   Defense                  Defense                  Time % Phy DF OF 
 1 Derek Meech              Erik Johnson             60     1   3  1  
 2 Joe Corvo                Ron Hainsey              40     1   3  1  

Penalty Kill - 3 Players Forward 
   Forward                                           Time % Phy DF OF 
 1 Alexander Semin                                   60     1   4  0  
 2 David Backes                                      40     1   4  0  

Penalty Kill - 3 Players Defense
   Defense                  Defense                  Time % Phy DF OF 
 1 Derek Meech              Erik Johnson             60     1   4  0  
 2 Joe Corvo                Ron Hainsey              40     1   4  0  

4 vs 4 Forward 
   Center                   Wing                     Time % Phy DF OF 
 1 Eric Staal               Alexander Semin          60     1   2  2  
 2 Marcel Goc               David Backes             40     1   2  2  

4 vs 4 Defense
   Defense                  Defense                  Time % Phy DF OF 
 1 Filip Kuba               Andrej Sekera            60     1   2  2  
 2 Joe Corvo                Erik Johnson             40     1   2  2  

Last Minutes Offensive
   Center                   Left Wing                Right Wing               Defense                  Defense                  
   Eric Staal               Alexander Semin          David Backes             Filip Kuba               Erik Johnson             

Last Minutes Defensive
   Center                   Left Wing                Right Wing               Defense                  Defense                  
   Eric Staal               Alexander Semin          David Backes             Filip Kuba               Erik Johnson             

Goaltenders
Starting : Pekka Rinne              
Backup : Craig Anderson           

Extra Forwards
Normal : Alexander Semin, Craig Adams, Steve Regier - PP : Jordin Tootoo, Steve Regier - PK : David Backes
Extra Defensemen
Normal : Erik Johnson, Joe Corvo, Ron Hainsey - PP : Filip Kuba - PK : Erik Johnson, Ron Hainsey
Penalty Shots
Eric Staal, Alexander Semin, David Backes, Colin Wilson, Patrik Berglund

Red Wings

5 vs 5 Forward 
   Center                   Left Wing                Right Wing               Time % Phy DF OF 
 1 Jason Spezza             Rick Nash                Martin Havlat            40     1   2  2  
 2 Mike Richards            Sean Bergenheim          Ales Hemsky              30     1   2  2  
 3 Shawn Horcoff            Alex Picard              Mike Brown               20     1   2  2  
 4 Nate Thompson            Robert Dome              Carson Mcmillan          10     1   2  2  

5 vs 5 Defense 
   Defense                  Defense                                           Time % Phy DF OF 
 1 Shea Weber               Paul Martin                                       40     1   2  2  
 2 Christian Backman        Richard Jackman                                   30     1   2  2  
 3 Jonathan Sigalet         Ossi Vaananen                                     20     1   2  2  
 4 Paul Martin              Shea Weber                                        10     1   2  2  

PowerPlay Forward 
   Center                   Left Wing                Right Wing               Time % Phy DF OF 
 1 Jason Spezza             Rick Nash                Martin Havlat            60     1   2  2  
 2 Mike Richards            Sean Bergenheim          Ales Hemsky              40     1   2  2  

PowerPlay Defense
   Defense                  Defense                                           Time % Phy DF OF 
 1 Shea Weber               Paul Martin                                       60     1   2  2  
 2 Christian Backman        Richard Jackman                                   40     1   2  2  

Penalty Kill 4 Players Forward 
   Center                   Wing                     Time % Phy DF OF 
 1 Jason Spezza             Rick Nash                60     1   2  2  
 2 Mike Richards            Martin Havlat            40     1   2  2  

Penalty Kill 4 Players Defense
   Defense                  Defense                  Time % Phy DF OF 
 1 Shea Weber               Paul Martin              60     1   2  2  
 2 Christian Backman        Richard Jackman          40     1   2  2  

Penalty Kill - 3 Players Forward 
   Forward                                           Time % Phy DF OF 
 1 Jason Spezza                                      60     1   2  2  
 2 Rick Nash                                         40     1   2  2  

Penalty Kill - 3 Players Defense
   Defense                  Defense                  Time % Phy DF OF 
 1 Shea Weber               Paul Martin              60     1   2  2  
 2 Christian Backman        Richard Jackman          40     1   2  2  

4 vs 4 Forward 
   Center                   Wing                     Time % Phy DF OF 
 1 Jason Spezza             Rick Nash                60     1   2  2  
 2 Mike Richards            Martin Havlat            40     1   2  2  

4 vs 4 Defense
   Defense                  Defense                  Time % Phy DF OF 
 1 Shea Weber               Paul Martin              60     1   2  2  
 2 Christian Backman        Richard Jackman          40     1   2  2  

Last Minutes Offensive
   Center                   Left Wing                Right Wing               Defense                  Defense                  
   Jason Spezza             Rick Nash                Martin Havlat            Shea Weber               Paul Martin              

Last Minutes Defensive
   Center                   Left Wing                Right Wing               Defense                  Defense                  
   Jason Spezza             Rick Nash                Martin Havlat            Shea Weber               Paul Martin              

Goaltenders
Starting : Jonathan Quick           
Backup : Scott Clemmensen         

Extra Forwards
Normal : Rick Nash, Sean Bergenheim, Mike Richards - PP : Shawn Horcoff, Sean Bergenheim - PK : Rick Nash
Extra Defensemen
Normal : Shea Weber, Richard Jackman, Paul Martin - PP : Shea Weber - PK : Richard Jackman, Paul Martin
Penalty Shots
Jason Spezza, Rick Nash, Mike Richards, Martin Havlat, Sean Bergenheim

% Time on Ice - Flames

Lines # - Real PCT - Wanted PCT - Time Play
Normal Forward
1 - 36% - 38% - 16:46
2 - 30% - 31% - 13:51
3 - 20% - 21% - 9:30
4 - 14% - 10% - 6:22
Normal Defense
1 - 43% - 40% - 19:56
2 - 30% - 30% - 14:06
3 - 21% - 20% - 9:50
4 - 6% - 10% - 2:37
PP Forward
1 - 48% - 60% - 1:44
2 - 52% - 40% - 1:52
PP Defense
1 - 45% - 60% - 1:38
2 - 55% - 40% - 1:58
PK Forward
1 - 70% - 60% - 5:48
2 - 30% - 40% - 2:30
PK Defense
1 - 60% - 60% - 4:59
2 - 40% - 40% - 3:19
PK3 Forward
1 - 0% - 60%
2 - 0% - 40%
PK3 Defense
1 - 0% - 60%
2 - 0% - 40%
44 Forward
1 - 75% - 60% - 1:13
2 - 25% - 40% - 0:24
44 Defense
1 - 59% - 60% - 0:57
2 - 41% - 40% - 0:40
Last Minute Offensive  - 0:00
Last Minute Defensive  - 0:00
Total
Forward - 60:00
Defense - 60:00

% Time on Ice - Red Wings

Lines # - Real PCT - Wanted PCT - Time Play
Normal Forward
1 - 37% - 40% - 17:14
2 - 31% - 30% - 14:12
3 - 19% - 20% - 8:52
4 - 13% - 10% - 6:11
Normal Defense
1 - 40% - 40% - 18:35
2 - 31% - 30% - 14:29
3 - 26% - 20% - 12:01
4 - 3% - 10% - 1:24
PP Forward
1 - 58% - 60% - 4:48
2 - 42% - 40% - 3:30
PP Defense
1 - 60% - 60% - 5:00
2 - 40% - 40% - 3:18
PK Forward
1 - 88% - 60% - 3:11
2 - 12% - 40% - 0:25
PK Defense
1 - 67% - 60% - 2:25
2 - 33% - 40% - 1:11
PK3 Forward
1 - 0% - 60%
2 - 0% - 40%
PK3 Defense
1 - 0% - 60%
2 - 0% - 40%
44 Forward
1 - 80% - 60% - 1:18
2 - 20% - 40% - 0:19
44 Defense
1 - 100% - 60% - 1:37
2 - 0% - 40% - 0:00
Last Minute Offensive  - 0:00
Last Minute Defensive  - 0:00
Total
Forward - 60:00
Defense - 60:00

Play by Play

1st period


0:01 of 1st period - Martin Havlat wins face-off versus Eric Staal in neutral zone.
0:38 of 1st period - Slapshot by Eric Staal.
0:38 of 1st period - Stopped by Jonathan Quick with a rebound.
0:54 of 1st period - Snap shot by Eric Staal.
0:54 of 1st period - Stopped by Jonathan Quick with a rebound.
1:06 of 1st period - Snap shot by Alexander Semin.
1:06 of 1st period - Stopped by Jonathan Quick without a rebound.
1:07 of 1st period - Jason Spezza wins face-off versus Marcel Goc in Red Wings zone.
2:15 of 1st period - Slapshot by Jason Spezza.
2:15 of 1st period - Stopped by Pekka Rinne without a rebound.
2:16 of 1st period - Jason Spezza wins face-off versus Marcel Goc in Flames zone.
2:26 of 1st period - Off-side.
2:27 of 1st period - Marcel Goc wins face-off versus Mike Richards in neutral zone.
2:58 of 1st period - Snap shot by Jason Spezza.
2:58 of 1st period - Shot Misses the Net.
3:00 of 1st period - Slapshot by Shea Weber.
3:00 of 1st period - Shot Misses the Net.
4:05 of 1st period - Slapshot by Mike Richards.
4:05 of 1st period - Stopped by Pekka Rinne with a rebound.
4:07 of 1st period - Slapshot by Richard Jackman.
4:07 of 1st period - Stopped by Pekka Rinne with a rebound.
4:19 of 1st period - Snap shot by Jason Spezza.
4:19 of 1st period - Stopped by Pekka Rinne with a rebound.
4:21 of 1st period - Wrist shot by Martin Havlat.
4:21 of 1st period - Stopped by Pekka Rinne without a rebound.
4:22 of 1st period - Eric Staal wins face-off versus Jason Spezza in Flames zone.
4:22 of 1st period - Eric Staal is hit by Shea Weber.
4:49 of 1st period - Shawn Horcoff is hit by Marcel Goc and loses puck.
5:16 of 1st period - Wrist shot by Milan Hejduk.
5:16 of 1st period - Shot Misses the Net.
5:56 of 1st period - Wrist shot by Rick Nash.
5:56 of 1st period - Shot Blocked by David Backes.
7:01 of 1st period - Wrist shot by Robert Dome.
7:01 of 1st period - Stopped by Pekka Rinne without a rebound.
7:02 of 1st period - Jason Spezza wins face-off versus Eric Staal in Flames zone.
7:19 of 1st period - Snap shot by Rick Nash.
7:19 of 1st period - Stopped by Pekka Rinne without a rebound.
7:20 of 1st period - Mike Richards wins face-off versus Marcel Goc in Flames zone.
7:34 of 1st period - Off-side.
7:35 of 1st period - Eric Staal wins face-off versus Jason Spezza in neutral zone.
8:13 of 1st period - Snap shot by Martin Havlat.
8:13 of 1st period - Shot Misses the Net.
8:15 of 1st period - Snap shot by Rick Nash.
8:15 of 1st period - Shot Blocked by Milan Hejduk.
8:17 of 1st period - Wrist shot by Martin Havlat.
8:17 of 1st period - Shot Misses the Net.
8:19 of 1st period - Wrist shot by Jason Spezza.
8:19 of 1st period - Shot Blocked by Milan Hejduk.
8:21 of 1st period - Wrist shot by Rick Nash.
8:21 of 1st period - Shot Hit the Post.
8:23 of 1st period - Snap shot by Rick Nash.
8:23 of 1st period - Shot Blocked by Patrik Berglund.
8:44 of 1st period - Off-side.
8:45 of 1st period - Marcel Goc wins face-off versus Shawn Horcoff in neutral zone.
8:48 of 1st period - Wrist shot by Marcel Goc.
8:48 of 1st period - Shot Misses the Net.
8:50 of 1st period - Snap shot by Mark Bell.
8:50 of 1st period - Stopped by Jonathan Quick with a rebound.
8:52 of 1st period - Snap shot by Marcel Goc.
8:52 of 1st period - Stopped by Jonathan Quick without a rebound.
8:53 of 1st period - Marcel Goc wins face-off versus Shawn Horcoff in Red Wings zone.
8:58 of 1st period - Snap shot by Marcel Goc.
8:58 of 1st period - Shot Misses the Net.
9:30 of 1st period - Snap shot by Sean Bergenheim.
9:30 of 1st period - Shot Misses the Net.
10:02 of 1st period - Wrist shot by Alex Picard.
10:02 of 1st period - Goal by Alex Picard - Flames : 0 - Red Wings : 1.
10:03 of 1st period - Marcel Goc wins face-off versus Jason Spezza in neutral zone.
10:16 of 1st period - Wrist shot by Rick Nash.
10:16 of 1st period - Shot Misses the Net.
10:18 of 1st period - Slapshot by Shea Weber.
10:18 of 1st period - Stopped by Pekka Rinne without a rebound.
10:19 of 1st period - Eric Staal wins face-off versus Mike Richards in Flames zone.
10:19 of 1st period - Eric Staal is hit by Mike Richards.
10:27 of 1st period - Alexander Semin is hit by Ales Hemsky and loses puck.
10:34 of 1st period - Slapshot by Paul Martin.
10:34 of 1st period - Shot Blocked by Erik Johnson.
10:44 of 1st period - Martin Havlat is hit by Joe Corvo and loses puck.
11:07 of 1st period - Jonathan Sigalet is hit by Milan Hejduk and loses puck.
11:28 of 1st period - Slapshot by Ales Hemsky.
11:28 of 1st period - Stopped by Pekka Rinne without a rebound.
11:29 of 1st period - Mike Richards wins face-off versus Colin Wilson in Flames zone.
11:44 of 1st period - Wrist shot by Mike Richards.
11:44 of 1st period - Goal by Mike Richards - Flames : 0 - Red Wings : 2.
11:45 of 1st period - Jason Spezza wins face-off versus Eric Staal in neutral zone.
11:51 of 1st period - Minor Penalty to Alexander Semin for Delaying the game.
11:52 of 1st period - Eric Staal wins face-off versus Jason Spezza in Flames zone.
12:05 of 1st period - Martin Havlat is hit by Eric Staal and loses puck.
13:09 of 1st period - Brad Marchand is hit by Shea Weber and loses puck.
13:51 of 1st period - Penalty to Alexander Semin is over, Alexander Semin is back on ice.
14:02 of 1st period - Snap shot by Alex Picard.
14:02 of 1st period - Deflect By Ron Hainsey.
14:02 of 1st period - Shot Blocked by Ron Hainsey.
14:02 of 1st period - Puck is out of play.
14:03 of 1st period - Patrik Berglund wins face-off versus Shawn Horcoff in Flames zone.
14:03 of 1st period - Patrik Berglund is hit by Mike Brown.
14:28 of 1st period - Minor Penalty to Steve Regier for Hooking.
14:29 of 1st period - Jason Spezza wins face-off versus Eric Staal in Flames zone.
14:50 of 1st period - Minor Penalty to Paul Martin for Holding.
14:51 of 1st period - Jason Spezza wins face-off versus Eric Staal in Red Wings zone.
15:32 of 1st period - Wrist shot by Mike Richards.
15:32 of 1st period - Stopped by Pekka Rinne with a rebound.
16:10 of 1st period - Snap shot by Craig Adams.
16:10 of 1st period - Shot Misses the Net.
16:28 of 1st period - Penalty to Steve Regier is over, Steve Regier is back on ice.
16:30 of 1st period - Jonathan Sigalet is hit by David Backes and loses puck.
16:50 of 1st period - Penalty to Paul Martin is over, Paul Martin is back on ice.
17:11 of 1st period - Snap shot by Marcel Goc.
17:11 of 1st period - Shot Misses the Net.
17:13 of 1st period - Slapshot by Joe Corvo.
17:13 of 1st period - Stopped by Jonathan Quick without a rebound.
17:14 of 1st period - Colin Wilson wins face-off versus Shawn Horcoff in Red Wings zone.
17:17 of 1st period - Wrist shot by Brad Marchand.
17:17 of 1st period - Shot Misses the Net.
18:08 of 1st period - Minor Penalty to Filip Kuba for Diving.
18:09 of 1st period - Eric Staal wins face-off versus Jason Spezza in Flames zone.
18:09 of 1st period - Eric Staal is hit by Martin Havlat.
19:33 of 1st period - Ron Hainsey is hit by Mike Richards and loses puck.
Goals for this period are 0 for Flames vs 2 for Red Wings.
Shots for this period are 6 for Flames vs 12 for Red Wings.

2nd period


0:01 of 2nd period - Jason Spezza wins face-off versus Jordin Tootoo in neutral zone.
0:04 of 2nd period - Slapshot by Shea Weber.
0:04 of 2nd period - Shot Blocked by Erik Johnson.
0:06 of 2nd period - Wrist shot by Martin Havlat.
0:06 of 2nd period - Stopped by Pekka Rinne with a rebound.
0:08 of 2nd period - Penalty to Filip Kuba is over, Filip Kuba is back on ice.
0:08 of 2nd period - Slapshot by Jason Spezza.
0:08 of 2nd period - Stopped by Pekka Rinne with a rebound.
0:10 of 2nd period - Wrist shot by Martin Havlat.
0:10 of 2nd period - Deflect By Jason Spezza.
0:10 of 2nd period - Stopped by Pekka Rinne without a rebound.
0:11 of 2nd period - Jason Spezza wins face-off versus David Backes in Flames zone.
0:16 of 2nd period - Wrist shot by Rick Nash.
0:16 of 2nd period - Stopped by Pekka Rinne with a rebound.
0:18 of 2nd period - Wrist shot by Martin Havlat.
0:18 of 2nd period - Stopped by Pekka Rinne without a rebound.
0:19 of 2nd period - Eric Staal wins face-off versus Jason Spezza in Flames zone.
0:19 of 2nd period - Eric Staal is hit by Martin Havlat.
0:24 of 2nd period - Icing by Alexander Semin.
0:25 of 2nd period - Jason Spezza wins face-off versus Eric Staal in Flames zone.
0:37 of 2nd period - Snap shot by Paul Martin.
0:37 of 2nd period - Deflect By Filip Kuba.
0:37 of 2nd period - Stopped by Pekka Rinne with a rebound.
1:05 of 2nd period - Slapshot by Paul Martin.
1:05 of 2nd period - Shot Misses the Net.
1:13 of 2nd period - Snap shot by David Backes.
1:13 of 2nd period - Shot Misses the Net.
1:21 of 2nd period - Wrist shot by Martin Havlat.
1:21 of 2nd period - Stopped by Pekka Rinne with a rebound.
1:33 of 2nd period - Snap shot by Alexander Semin.
1:33 of 2nd period - Stopped by Jonathan Quick without a rebound.
1:34 of 2nd period - Mike Richards wins face-off versus Marcel Goc in Red Wings zone.
1:46 of 2nd period - Wrist shot by Marcel Goc.
1:46 of 2nd period - Shot Misses the Net.
2:12 of 2nd period - Snap shot by Shawn Horcoff.
2:12 of 2nd period - Stopped by Pekka Rinne with a rebound.
2:46 of 2nd period - Slapshot by Jordin Tootoo.
2:46 of 2nd period - Stopped by Jonathan Quick with a rebound.
2:48 of 2nd period - Snap shot by Jordin Tootoo.
2:48 of 2nd period - Stopped by Jonathan Quick with a rebound.
2:50 of 2nd period - Snap shot by Jordin Tootoo.
2:50 of 2nd period - Stopped by Jonathan Quick without a rebound.
2:51 of 2nd period - Shawn Horcoff wins face-off versus Marcel Goc in Red Wings zone.
3:02 of 2nd period - Snap shot by Alex Picard.
3:02 of 2nd period - Stopped by Pekka Rinne with a rebound.
3:20 of 2nd period - Snap shot by Erik Johnson.
3:20 of 2nd period - Shot Misses the Net.
3:59 of 2nd period - Snap shot by Brad Marchand.
3:59 of 2nd period - Shot Misses the Net.
4:01 of 2nd period - Slapshot by Filip Kuba.
4:01 of 2nd period - Shot Misses the Net.
4:03 of 2nd period - Wrist shot by Colin Wilson.
4:03 of 2nd period - Stopped by Jonathan Quick without a rebound.
4:04 of 2nd period - Jordin Tootoo wins face-off versus Nate Thompson in Red Wings zone.
4:15 of 2nd period - Snap shot by Jordin Tootoo.
4:15 of 2nd period - Deflect By Carson Mcmillan.
4:15 of 2nd period - Stopped by Jonathan Quick with a rebound.
4:32 of 2nd period - Off-side.
4:33 of 2nd period - Eric Staal wins face-off versus Jason Spezza in neutral zone.
4:36 of 2nd period - Backhand shot by Alexander Semin.
4:36 of 2nd period - Stopped by Jonathan Quick without a rebound.
4:37 of 2nd period - Jason Spezza wins face-off versus Eric Staal in Red Wings zone.
5:04 of 2nd period - Snap shot by Mike Richards.
5:04 of 2nd period - Stopped by Pekka Rinne without a rebound.
5:05 of 2nd period - Marcel Goc wins face-off versus Mike Richards in Flames zone.
5:32 of 2nd period - Eric Staal is hit by Rick Nash and loses puck.
5:41 of 2nd period - Slapshot by Martin Havlat.
5:41 of 2nd period - Stopped by Pekka Rinne without a rebound.
5:42 of 2nd period - Marcel Goc wins face-off versus Mike Richards in Flames zone.
5:53 of 2nd period - Sean Bergenheim is hit by Mark Bell and loses puck.
5:57 of 2nd period - Icing by Paul Martin.
5:58 of 2nd period - Eric Staal wins face-off versus Mike Richards in Red Wings zone.
6:09 of 2nd period - Backhand shot by Eric Staal.
6:09 of 2nd period - Deflect By Paul Martin.
6:09 of 2nd period - Stopped by Jonathan Quick with a rebound.
6:15 of 2nd period - Wrist shot by Sean Bergenheim.
6:15 of 2nd period - Shot Misses the Net.
6:17 of 2nd period - Wrist shot by Shea Weber.
6:17 of 2nd period - Stopped by Pekka Rinne without a rebound.
6:18 of 2nd period - Jason Spezza wins face-off versus Marcel Goc in Flames zone.
6:50 of 2nd period - Paul Martin is hit by Erik Johnson and loses puck.
8:07 of 2nd period - Ron Hainsey is hit by Robert Dome.
8:37 of 2nd period - Off-side.
8:38 of 2nd period - Marcel Goc wins face-off versus Jason Spezza in neutral zone.
8:41 of 2nd period - Wrist shot by Joe Corvo.
8:41 of 2nd period - Shot Blocked by Jason Spezza.
8:49 of 2nd period - Backhand shot by Jason Spezza.
8:49 of 2nd period - Stopped by Pekka Rinne with a rebound.
8:51 of 2nd period - Wrist shot by Christian Backman.
8:51 of 2nd period - Shot Blocked by Mark Bell.
8:53 of 2nd period - Backhand shot by Richard Jackman.
8:53 of 2nd period - Stopped by Pekka Rinne with a rebound.
8:55 of 2nd period - Slapshot by Richard Jackman.
8:55 of 2nd period - Stopped by Pekka Rinne with a rebound.
9:13 of 2nd period - Slapshot by Alexander Semin.
9:13 of 2nd period - Stopped by Jonathan Quick without a rebound.
9:14 of 2nd period - Eric Staal wins face-off versus Jason Spezza in Red Wings zone.
9:46 of 2nd period - Snap shot by Ales Hemsky.
9:46 of 2nd period - Stopped by Pekka Rinne without a rebound.
9:47 of 2nd period - Mike Richards wins face-off versus Marcel Goc in Flames zone.
10:14 of 2nd period - Snap shot by Jordin Tootoo.
10:14 of 2nd period - Shot Misses the Net.
10:51 of 2nd period - Minor Penalty to Derek Meech for Hooking.
10:52 of 2nd period - Jason Spezza wins face-off versus Eric Staal in Flames zone.
11:03 of 2nd period - Snap shot by Jason Spezza.
11:03 of 2nd period - Stopped by Pekka Rinne without a rebound.
11:04 of 2nd period - Eric Staal wins face-off versus Jason Spezza in Flames zone.
12:32 of 2nd period - Jason Spezza is hit by Craig Adams and loses puck.
12:51 of 2nd period - Penalty to Derek Meech is over, Derek Meech is back on ice.
14:02 of 2nd period - Wrist shot by Marcel Goc.
14:02 of 2nd period - Stopped by Jonathan Quick without a rebound.
14:03 of 2nd period - Jason Spezza wins face-off versus Marcel Goc in Red Wings zone.
14:08 of 2nd period - Wrist shot by Marcel Goc.
14:08 of 2nd period - Stopped by Jonathan Quick without a rebound.
14:09 of 2nd period - Marcel Goc wins face-off versus Rick Nash in Red Wings zone.
14:10 of 2nd period - Snap shot by Jordin Tootoo.
14:10 of 2nd period - Stopped by Jonathan Quick without a rebound.
14:11 of 2nd period - Jason Spezza wins face-off versus Mark Bell in Red Wings zone.
15:30 of 2nd period - Slapshot by Nate Thompson.
15:30 of 2nd period - Stopped by Pekka Rinne with a rebound.
16:12 of 2nd period - Slapshot by Shawn Horcoff.
16:12 of 2nd period - Shot Misses the Net.
16:34 of 2nd period - Slapshot by Alexander Semin.
16:34 of 2nd period - Shot Misses the Net.
16:40 of 2nd period - Eric Staal is hit by Jonathan Sigalet and loses puck.
16:51 of 2nd period - Milan Hejduk is hit by Shea Weber and loses puck.
17:19 of 2nd period - Snap shot by Rick Nash.
17:19 of 2nd period - Stopped by Pekka Rinne with a rebound.
17:21 of 2nd period - Slapshot by Shea Weber.
17:21 of 2nd period - Shot Misses the Net.
17:23 of 2nd period - Snap shot by Rick Nash.
17:23 of 2nd period - Goal by Rick Nash - Flames : 0 - Red Wings : 3.
17:24 of 2nd period - Jason Spezza wins face-off versus Eric Staal in neutral zone.
17:35 of 2nd period - Off-side.
17:36 of 2nd period - Jason Spezza wins face-off versus Eric Staal in neutral zone.
18:03 of 2nd period - Snap shot by Steve Regier.
18:03 of 2nd period - Shot Misses the Net.
18:05 of 2nd period - Slapshot by Andrej Sekera.
18:05 of 2nd period - Shot Blocked by Shea Weber.
18:07 of 2nd period - Slapshot by Filip Kuba.
18:07 of 2nd period - Shot Misses the Net.
18:09 of 2nd period - Slapshot by Filip Kuba.
18:09 of 2nd period - Stopped by Jonathan Quick without a rebound.
18:10 of 2nd period - Mike Richards wins face-off versus Patrik Berglund in Red Wings zone.
18:58 of 2nd period - Wrist shot by Filip Kuba.
18:58 of 2nd period - Shot Misses the Net.
19:14 of 2nd period - Erik Johnson is hit by Rick Nash and loses puck.
19:39 of 2nd period - Slapshot by Joe Corvo.
19:39 of 2nd period - Deflect By Milan Hejduk.
19:39 of 2nd period - Shot Misses the Net.
19:39 of 2nd period - Puck is out of play.
19:40 of 2nd period - Mike Richards wins face-off versus Steve Regier in Red Wings zone.
19:52 of 2nd period - Slapshot by Shea Weber.
19:52 of 2nd period - Deflect By Patrik Berglund.
19:52 of 2nd period - Stopped by Pekka Rinne with a rebound.
Goals for this period are 0 for Flames vs 1 for Red Wings.
Shots for this period are 13 for Flames vs 21 for Red Wings.

3rd period


0:01 of 3rd period - David Backes wins face-off versus Jason Spezza in neutral zone.
0:10 of 3rd period - Wrist shot by David Backes.
0:10 of 3rd period - Shot Misses the Net.
0:36 of 3rd period - Wrist shot by Marcel Goc.
0:36 of 3rd period - Stopped by Jonathan Quick with a rebound.
1:11 of 3rd period - Slapshot by Andrej Sekera.
1:11 of 3rd period - Shot Blocked by Richard Jackman.
1:29 of 3rd period - Martin Havlat is hit by Alexander Semin and loses puck.
1:34 of 3rd period - Wrist shot by David Backes.
1:34 of 3rd period - Stopped by Jonathan Quick without a rebound.
1:35 of 3rd period - Jason Spezza wins face-off versus Eric Staal in Red Wings zone.
2:01 of 3rd period - Joe Corvo is hit by Mike Richards.
2:13 of 3rd period - Slapshot by Sean Bergenheim.
2:13 of 3rd period - Stopped by Pekka Rinne without a rebound.
2:14 of 3rd period - Eric Staal wins face-off versus Shawn Horcoff in Flames zone.
2:16 of 3rd period - Minor Penalty to Filip Kuba for Delaying the game.
2:17 of 3rd period - Jason Spezza wins face-off versus Eric Staal in Flames zone.
3:35 of 3rd period - Mike Richards is hit by Marcel Goc and loses puck.
3:59 of 3rd period - David Backes is hit by Rick Nash and loses puck.
4:16 of 3rd period - Penalty to Filip Kuba is over, Filip Kuba is back on ice.
4:29 of 3rd period - Minor Penalty to Shea Weber for Hooking.
4:30 of 3rd period - Eric Staal wins face-off versus Jason Spezza in Red Wings zone.
4:34 of 3rd period - Wrist shot by David Backes.
4:34 of 3rd period - Shot Blocked by Rick Nash.
4:36 of 3rd period - Slapshot by Filip Kuba.
4:36 of 3rd period - Shot Misses the Net.
4:38 of 3rd period - Snap shot by Alexander Semin.
4:38 of 3rd period - Deflect By Eric Staal.
4:38 of 3rd period - Shot Misses the Net.
4:38 of 3rd period - Puck is out of play.
4:39 of 3rd period - Eric Staal wins face-off versus Jason Spezza in Red Wings zone.
4:50 of 3rd period - Slapshot by Alexander Semin.
4:50 of 3rd period - Stopped by Jonathan Quick without a rebound.
4:51 of 3rd period - Eric Staal wins face-off versus Jason Spezza in Red Wings zone.
5:44 of 3rd period - Wrist shot by Jordin Tootoo.
5:44 of 3rd period - Goal by Jordin Tootoo - Flames : 1 - Red Wings : 3.
5:45 of 3rd period - Eric Staal wins face-off versus Mike Richards in neutral zone.
5:50 of 3rd period - Snap shot by Mike Richards.
5:50 of 3rd period - Stopped by Pekka Rinne with a rebound.
5:56 of 3rd period - Slapshot by David Backes.
5:56 of 3rd period - Stopped by Jonathan Quick with a rebound.
5:58 of 3rd period - Slapshot by Andrej Sekera.
5:58 of 3rd period - Stopped by Jonathan Quick with a rebound.
6:00 of 3rd period - Slapshot by Eric Staal.
6:00 of 3rd period - Stopped by Jonathan Quick without a rebound.
6:01 of 3rd period - Marcel Goc wins face-off versus Jason Spezza in Red Wings zone.
6:18 of 3rd period - Slapshot by Shea Weber.
6:18 of 3rd period - Deflect By Jordin Tootoo.
6:18 of 3rd period - Stopped by Pekka Rinne without a rebound.
6:19 of 3rd period - Eric Staal wins face-off versus Mike Richards in Flames zone.
6:19 of 3rd period - Eric Staal is hit by Christian Backman.
6:27 of 3rd period - Slapshot by Erik Johnson.
6:27 of 3rd period - Deflect By Christian Backman.
6:27 of 3rd period - Stopped by Jonathan Quick without a rebound.
6:28 of 3rd period - Mike Richards wins face-off versus Eric Staal in Red Wings zone.
6:44 of 3rd period - Off-side.
6:45 of 3rd period - Jason Spezza wins face-off versus Jordin Tootoo in neutral zone.
7:12 of 3rd period - Mike Richards is hit by Eric Staal and loses puck.
7:35 of 3rd period - Wrist shot by Mike Richards.
7:35 of 3rd period - Shot Blocked by Eric Staal.
7:41 of 3rd period - Sean Bergenheim is hit by David Backes.
8:17 of 3rd period - Slapshot by Mike Richards.
8:17 of 3rd period - Stopped by Pekka Rinne with a rebound.
8:47 of 3rd period - Slapshot by Alexander Semin.
8:47 of 3rd period - Shot Misses the Net.
8:49 of 3rd period - Snap shot by Erik Johnson.
8:49 of 3rd period - Stopped by Jonathan Quick without a rebound.
8:50 of 3rd period - Jason Spezza wins face-off versus Marcel Goc in Red Wings zone.
9:01 of 3rd period - Filip Kuba is hit by Martin Havlat and loses puck.
9:30 of 3rd period - Snap shot by Brad Marchand.
9:30 of 3rd period - Stopped by Jonathan Quick without a rebound.
9:31 of 3rd period - Nate Thompson wins face-off versus Patrik Berglund in Red Wings zone.
9:31 of 3rd period - Nate Thompson is hit by Steve Regier.
9:36 of 3rd period - Off-side.
9:37 of 3rd period - Patrik Berglund wins face-off versus Nate Thompson in neutral zone.
9:46 of 3rd period - Snap shot by Milan Hejduk.
9:46 of 3rd period - Deflect By Patrik Berglund.
9:46 of 3rd period - Stopped by Jonathan Quick with a rebound.
9:52 of 3rd period - Snap shot by Steve Regier.
9:52 of 3rd period - Stopped by Jonathan Quick with a rebound.
10:12 of 3rd period - Marcel Goc is hit by Martin Havlat and loses puck.
11:14 of 3rd period - Snap shot by Alexander Semin.
11:14 of 3rd period - Shot Misses the Net.
11:16 of 3rd period - Slapshot by Ron Hainsey.
11:16 of 3rd period - Shot Blocked by Mike Richards.
11:30 of 3rd period - Andrej Sekera is hit by Jonathan Sigalet.
11:40 of 3rd period - Icing by Ossi Vaananen.
11:41 of 3rd period - Shawn Horcoff wins face-off versus Eric Staal in Red Wings zone.
11:41 of 3rd period - Shawn Horcoff is hit by Eric Staal.
11:57 of 3rd period - Mike Brown is hit by David Backes.
12:07 of 3rd period - Snap shot by Shawn Horcoff.
12:07 of 3rd period - Stopped by Pekka Rinne without a rebound.
12:08 of 3rd period - Jason Spezza wins face-off versus Marcel Goc in Flames zone.
12:09 of 3rd period - Slapshot by Rick Nash.
12:09 of 3rd period - Deflect By Filip Kuba.
12:09 of 3rd period - Shot Misses the Net.
12:09 of 3rd period - Puck is out of play.
12:10 of 3rd period - Jason Spezza wins face-off versus Marcel Goc in Flames zone.
12:23 of 3rd period - Wrist shot by Jason Spezza.
12:23 of 3rd period - Stopped by Pekka Rinne with a rebound.
12:25 of 3rd period - Slapshot by Shea Weber.
12:25 of 3rd period - Deflect By Jason Spezza.
12:25 of 3rd period - Stopped by Pekka Rinne without a rebound.
12:26 of 3rd period - Mike Richards wins face-off versus Eric Staal in Flames zone.
12:56 of 3rd period - Martin Havlat is hit by Jordin Tootoo and loses puck.
13:17 of 3rd period - Wrist shot by Patrik Berglund.
13:17 of 3rd period - Stopped by Jonathan Quick without a rebound.
13:18 of 3rd period - Patrik Berglund wins face-off versus Mike Richards in Red Wings zone.
13:21 of 3rd period - Wrist shot by Patrik Berglund.
13:21 of 3rd period - Stopped by Jonathan Quick with a rebound.
13:43 of 3rd period - Eric Staal is hit by Rick Nash and loses puck.
13:52 of 3rd period - Snap shot by Alexander Semin.
13:52 of 3rd period - Deflect By David Backes.
13:52 of 3rd period - Stopped by Jonathan Quick without a rebound.
13:53 of 3rd period - Marcel Goc wins face-off versus Jason Spezza in Red Wings zone.
15:39 of 3rd period - Andrej Sekera is hit by Ossi Vaananen and loses puck.
15:58 of 3rd period - Minor Penalty to Ossi Vaananen for Hooking.
15:59 of 3rd period - Jason Spezza wins face-off versus Eric Staal in Red Wings zone.
15:59 of 3rd period - Jason Spezza is hit by Alexander Semin.
16:13 of 3rd period - Wrist shot by David Backes.
16:13 of 3rd period - Shot Misses the Net.
16:15 of 3rd period - Backhand shot by Eric Staal.
16:15 of 3rd period - Stopped by Jonathan Quick with a rebound.
16:41 of 3rd period - Mark Bell is hit by Rick Nash and loses puck.
17:22 of 3rd period - Patrik Berglund is hit by Richard Jackman and loses puck.
17:58 of 3rd period - Penalty to Ossi Vaananen is over, Ossi Vaananen is back on ice.
Goals for this period are 1 for Flames vs 0 for Red Wings.
Shots for this period are 16 for Flames vs 7 for Red Wings.


Output by the SimonT Hockey Simulator (STHS) for François Prévost -- Original Page W3C XHTML 1.0 Valid
Hockey Simulator - Hockey Simulation - Hockey Manager